 Dungeon Crawl Stone Soup version 0.19.5 (webtiles) character file.

61967 Azzok the Crack Shot (level 14, -1/129 HPs)
             Began as a Centaur Fighter on June 8, 2017.
             Was the Champion of Okawaru.
             Shot themself with an arrow (24 damage)
             ... on level 12 of the Dungeon.
             The game lasted 01:03:02 (30480 turns).

Azzok the Crack Shot (Centaur Fighter)             Turns: 30480, Time: 01:03:02

Health: -1/129     AC: 21    Str: 23    XL:     14   Next: 62%
Magic:  21/21      EV:  5    Int:  7    God:    Okawaru [******]
Gold:   1130       SH:  0    Dex: 12    Spells: 2 memorised, 9 levels left

rFire  . . .     SeeInvis .     z - +3 longbow (flame)
rCold  + + .     Gourm    .     D - +0 pearl dragon scales
rNeg   + . .     Faith    .     (shield currently unavailable)
rPois  +         Spirit   .     f - +1 helmet
rElec  .         Reflect  .     x - +2 cloak {rC+}
rCorr  .         Harm     .     o - +0 pair of gloves
MR     +....                    K - +2 centaur barding {Stlth+}
Stlth  ++........               (no amulet)
                                N - ring "Wyggergh" {rPois Dex+2}
                                W - ring of the Messenger {rC+ Stlth+}

@: very quick
A: hooves 3, deformed body, speed 2, tough skin 3
a: Heroism, Finesse, Renounce Religion


You were on level 12 of the Dungeon.
You worshipped Okawaru.
Okawaru was exalted by your worship.
You were not hungry.

You visited 3 branches of the dungeon, and saw 19 of its levels.
You also visited: Ice Cave.

You collected 1130 gold pieces.

Inventory:

Hand Weapons
 z - a +3 longbow of flaming (weapon)
Missiles
 n - 258 arrows (quivered)
Armour
 f - a +1 helmet (worn)
 o - a +0 pair of gloves (worn)
 x - a +2 cloak of cold resistance (worn)
 D - +0 pearl dragon scales (worn)
 K - a +2 centaur barding of stealth (worn)
Jewellery
 v - an uncursed ring of protection from fire
 N - the ring "Wyggergh" (right hand) {rPois Dex+2}
   (You found it on level 9 of the Dungeon)

   [ring of dexterity]

   It affects your dexterity (+2).
   It protects you from poison.
 W - the ring of the Messenger (left hand) {rC+ Stlth+}
   (You found it on level 6 of the Lair of Beasts)

   [ring of stealth]

   It protects you from cold.
   It makes you more stealthy.
Wands
 A - a wand of digging (6/24)
 V - a wand of teleportation (4/9)
Scrolls
 g - 2 scrolls of remove curse
 t - a scroll of fog
 w - 11 scrolls of teleportation
 B - a scroll of enchant weapon
 H - 4 scrolls of fear
 P - a scroll of blinking
Potions
 b - 2 potions of heal wounds {unknown}
 c - 2 potions of might
 i - 7 potions of curing
 j - a potion of mutation {unknown}
Miscellaneous
 L - a lamp of fire
Comestibles
 a - 2 chunks of flesh {@w0}
 d - 15 bread rations {@e1}
 h - 34 fruits
 k - 11 meat rations {@e2}
 C - 8 royal jellies
 O - 2 slices of pizza


   Skills:
 + Level 13.4 Fighting
 + Level 21.3 Bows
 - Level 2.1 Armour
   Level 2.1 Shields
 - Level 10.0 Unarmed Combat
 - Level 10.0 Invocations


You had 9 spell levels left.
You knew the following spells:

 Your Spells              Type           Power        Failure   Level  Hunger
a - Blink                 Tloc           N/A          99%         2    ###....
b - Repel Missiles        Chrm/Air       #.....       99%         2    ###....


Dungeon Overview and Level Annotations

Branches:
Dungeon (12/15)            Temple (1/1) D:6            Lair (6/6) D:10
 Shoals (0/4) Lair:2        Snake (0/4) Lair:2        Slime (0/5) Lair:5
    Orc (0/2) D:12

Altars:
Ashenzari
Cheibriados
Dithmenos
Elyvilon
Fedhas
Gozag
Hepliaklqana
Kikubaaqudgha
Makhleb
Nemelex Xobeh
Okawaru
Qazlal
Ru
Sif Muna
Trog
Uskayaw
Vehumet
Xom
Yredelemnul
Zin
The Shining One
Lugonu

Shops:
D:6 :


Innate Abilities, Weirdness & Mutations

You have hooves in place of feet.
Armour fits poorly on your strangely shaped body.
You cover ground very quickly.
You have extremely tough skin. (AC +3)


Message History

The tengu warrior reflects the arrow off its buckler of reflection!
The arrow hits you!! The arrow burns you!
You take 30 damage, and have 47/129 hp.
MASSIVE DAMAGE!!
Firing (i - inventory):
n - 259 arrows (quivered)
Press: ? - help, Shift-Dir - straight line, f/p - tengu warrior
Aim: a tengu warrior, wielding a war axe, wearing a ring mail and wearing a buckler of reflection (lightly wounded)
You shoot an arrow.
The tengu warrior reflects the arrow off its buckler of reflection!
The arrow hits you!!
* * * LOW HITPOINT WARNING * * *
The arrow burns you.
* * * LOW HITPOINT WARNING * * *
You take 24 damage, and have 23/129 hp.
Firing (i - inventory):
n - 258 arrows (quivered)
Press: ? - help, Shift-Dir - straight line, f/p - tengu warrior
Aim: a tengu warrior, wielding a war axe, wearing a ring mail and wearing a buckler of reflection (lightly wounded)
You shoot an arrow.
The tengu warrior reflects the arrow off its buckler of reflection!
The arrow hits you!!
You die...

▒▒····>·▒ ▒▒▒▒▒▒▒▒▒▒▒
▒▒▒▒·······▒ ▒·········▒
▒▒········▒▒▒
··········▒ ▒▒·········▒
▒·····[···▒ ▒··········▒
▒··>···>··▒▒▒·▒····[···▒
▒·········▒▒··▒········▒
▒·········▒··▒▒········▒
▒·········▒·▒▒▒·@······▒
·········<▒·▒▒Q········▒
▒·▒·▒▒···▒▒)(()▒▒▒▒▒▒▒▒▒
▒···▒·†·····▒▒▒▒
·······▒·▒▒·▒
····▒▒·▒····▒
········▒Q·▒▒▒
▒·▒▒·▒··▒····▒▒▒
·▒··▒··········▒▒


You could see a tengu warrior.

Vanquished Creatures
  Rupert (Lair:3)
  Nessos (Lair:5)
  Erolcha (D:11)
  5 hydras
  11 death yaks
  Sonja (D:11)
  An unseen horror (D:12)
  4 hill giants
  Pikel (D:6)
  A necromancer (IceCv)
  An oklob plant (Lair:5)
  An ugly thing (D:12)
  A manticore (D:12)
  3 black mambas
  3 elephants (Lair:3)
  2 torpor snails (Lair:6)
  32 spiny frogs
  A gargoyle (D:12)
  An ice statue (IceCv)
  6 komodo dragons
  A centaur skeleton (D:11)
  2 rime drakes
  10 freezing wraiths (IceCv)
  A troll (D:11)
  A meliai (D:12)
  4 tyrant leeches (Lair:6)
  A wolf spider simulacrum (IceCv)
  2 hornets
  3 two-headed ogres
  A polar bear (Lair:2)
  11 blink frogs
  10 hippogriffs
  3 dream sheep (Lair:6)
  A shadow (D:12)
  26 yaks
  Sigmund (D:2)
  A wyvern (Lair:1)
  A wraith (D:10)
  A hungry ghost (D:12)
  2 basilisks
  4 vampire mosquitoes (Lair:6)
  5 nagas (Lair:2)
  11 water moccasins
  6 porcupines
  4 sky beasts
  6 ice beasts (IceCv)
  2 phantoms
  A black bear (D:12)
  4 orc warriors
  An eye of draining (D:10)
  An alligator simulacrum (IceCv)
  5 wolves (Lair:1)
  3 ogres
  7 centaurs
  7 crocodiles
  Blork the orc (D:6)
  2 big kobolds
  30 bullfrogs
  A wyvern skeleton (D:6)
  7 scorpions
  44 killer bees
  An elephant simulacrum (IceCv)
  9 howler monkeys
  6 electric eels (Lair:6)
  6 crimson imps
  5 centaur zombies
  A quasit (D:7)
  4 draconian simulacra (IceCv)
  9 orc priests
  5 hounds
  2 jellies (D:12)
  2 bullfrog skeletons
  2 iguanas
  9 orc wizards
  A polar bear simulacrum (IceCv)
  4 worker ants
  3 troll simulacra (IceCv)
  2 centaur simulacra (IceCv)
  A hound zombie (D:6)
  A hound skeleton (D:5)
  2 worker ant zombies
  13 gnolls
  9 adders
  6 naga simulacra (IceCv)
  5 ogre simulacra (IceCv)
  A river rat (D:5)
  2 shadow imps
  12 white imps (IceCv)
  2 oozes
  An adder zombie (D:6)
  3 adder skeletons
  2 worms
  4 dart slugs
  10 leopard geckos
  41 orcs
  2 ball pythons
  12 giant cockroaches
  9 goblins
  9 hobgoblins
  9 jackals
  13 kobolds
  3 quokkas
  10 bats
  4 frilled lizards
  A leopard gecko skeleton (D:4)
  11 rats
  A fungus (Lair:6)
  2 plants (Lair:6)
585 creatures vanquished.

Vanquished Creatures (others)
  4 slaves (D:6)
  A phantom (D:6)
  An adder (D:6)
  An orc (D:6)
  18 fungi
  52 plants
77 creatures vanquished.

Grand Total: 662 creatures vanquished

Notes
Turn   | Place    | Note
-------+----------+-------------------------------------------
     0 | D:1      | Azzok the Centaur Fighter began the quest for the Orb.
     0 | D:1      | Reached XP level 1. HP: 19/19 MP: 1/1
   200 | D:1      | Reached XP level 2. HP: 26/26 MP: 2/2
   405 | D:1      | Reached XP level 3. HP: 20/31 MP: 3/3
   614 | D:2      | Noticed Sigmund
   638 | D:2      | Killed Sigmund
   638 | D:2      | Reached XP level 4. HP: 20/41 MP: 4/4
   638 | D:2      | Reached XP level 5. HP: 23/47 MP: 5/5
   885 | D:2      | Found a blossoming altar of Fedhas.
  1060 | D:2      | Found a hazy altar of Hepliaklqana.
  1186 | D:2      | Found a deep blue altar of Sif Muna.
  1432 | D:2      | Found a shattered altar of Ashenzari.
  1806 | D:2      | Reached skill level 5 in Fighting
  2135 | D:2      | Reached XP level 6. HP: 24/56 MP: 6/6
  2516 | D:3      | Reached skill level 5 in Unarmed Combat
  3747 | D:4      | Found a sparkling altar of Nemelex Xobeh.
  4470 | D:5      | Entered Level 5 of the Dungeon
  4484 | D:5      | Reached XP level 7. HP: 55/63 MP: 7/7
  5349 | D:5      | Found a white marble altar of Elyvilon.
  5349 | D:5      | Found a glowing golden altar of the Shining One.
  5350 | D:5      | Found a glowing silver altar of Zin.
  6056 | D:5      | Reached XP level 8. HP: 42/73 MP: 8/8
  6253 | D:5      | Found a sacrificial altar of Ru.
  6441 | D:6      | Noticed Pikel
  6463 | D:6      | Killed Pikel
  6567 | D:6      | Found a staircase to the Ecumenical Temple.
  6576 | Temple   | Entered the Ecumenical Temple
  6725 | D:6      | Found an iron altar of Okawaru.
  6758 | D:6      | Became a worshipper of Warmaster Okawaru
  6771 | D:6      | Noticed Blork the orc
  6779 | D:6      | Killed Blork the orc
  6868 | D:6      | Reached XP level 9. HP: 57/83 MP: 9/9
  6870 | D:6      | Reached skill level 1 in Invocations
  7009 | D:6      | Found Qeyqeg's Book Emporium.
  7089 | D:6      | Noticed a moth of wrath
  7092 | D:6      | Found a bloodstained altar of Trog.
  7594 | D:6      | Reached * piety under Okawaru
  8097 | D:7      | Learned a level 2 spell: Blink
  8100 | D:7      | Learned a level 2 spell: Repel Missiles
  8505 | D:7      | Paralysed by a hornet for 2 turns
  8511 | D:7      | Paralysed by a hornet for 1 turns
  9244 | D:8      | Reached skill level 10 in Fighting
  9658 | D:8      | Reached skill level 5 in Invocations
  9957 | D:8      | Found an ancient bone altar of Kikubaaqudgha.
  9958 | D:8      | Reached ** piety under Okawaru
 10198 | D:8      | Reached XP level 10. HP: 45/93 MP: 14/14
 10449 | D:8      | Reached skill level 10 in Unarmed Combat
 11901 | D:8      | Found a radiant altar of Vehumet.
 11902 | D:8      | Found a burning altar of Makhleb.
 12193 | D:9      | Reached *** piety under Okawaru
 12846 | D:9      | Got a slimy granite ring
 12847 | D:9      | Identified the ring "Wyggergh" {rPois Dex+2} (You found it on level 9 of the Dungeon)
 12975 | D:9      | Reached skill level 1 in Bows
 13008 | D:9      | Reached skill level 2 in Bows
 13030 | D:9      | Reached skill level 3 in Bows
 13158 | D:10     | Entered Level 10 of the Dungeon
 13240 | D:10     | Reached skill level 4 in Bows
 13409 | D:10     | Found a staircase to the Lair.
 13809 | Lair:1   | Entered Level 1 of the Lair of Beasts
 13817 | D:10     | Reached **** piety under Okawaru
 13817 | D:10     | Reached skill level 5 in Bows
 13934 | D:10     | Received a gift from Okawaru
 14174 | D:10     | Reached skill level 6 in Bows
 14174 | D:10     | Reached XP level 11. HP: 77/99 MP: 18/18
 14270 | Lair:1   | Reached skill level 10 in Invocations
 14609 | Lair:1   | Reached skill level 7 in Bows
 15329 | Lair:1   | Reached skill level 8 in Bows
 15414 | Lair:1   | Received a gift from Okawaru
 15814 | Lair:2   | Reached skill level 9 in Bows
 16357 | Lair:2   | Received a gift from Okawaru
 16754 | Lair:2   | Found a staircase to the Shoals.
 16999 | Lair:2   | Reached skill level 10 in Bows
 18115 | Lair:2   | Reached ***** piety under Okawaru
 18302 | Lair:2   | Received a gift from Okawaru
 18302 | Lair:2   | Reached skill level 11 in Bows
 19124 | Lair:2   | Found a staircase to the Snake Pit.
 19378 | Lair:3   | Received a gift from Okawaru
 20009 | Lair:3   | Noticed Rupert
 20015 | Lair:3   | Paralysed by Rupert for 4 turns
 20025 | Lair:3   | Killed Rupert
 20025 | Lair:3   | Received a gift from Okawaru
 20025 | Lair:3   | Reached skill level 12 in Bows
 20025 | Lair:3   | Reached XP level 12. HP: 81/111 MP: 12/19
 21478 | Lair:4   | Noticed a death yak
 21520 | Lair:4   | Killed a death yak
 21520 | Lair:4   | Reached skill level 13 in Bows
 21733 | Lair:4   | Noticed a death yak
 21802 | Lair:4   | Killed a death yak
 21875 | Lair:4   | Noticed a death yak
 21911 | Lair:4   | Killed a death yak
 23483 | Lair:5   | Noticed a seven-headed hydra
 23492 | Lair:4   | Killed a seven-headed hydra
 23492 | Lair:4   | Reached skill level 14 in Bows
 23746 | Lair:5   | Noticed Nessos
 24469 | Lair:5   | Killed Nessos
 24469 | Lair:5   | Received a gift from Okawaru
 25206 | Lair:5   | Found a staircase to the Slime Pits.
 25288 | Lair:6   | Entered Level 6 of the Lair of Beasts
 25299 | Lair:6   | Reached skill level 15 in Bows
 25409 | Lair:6   | Reached XP level 13. HP: 73/122 MP: 20/20
 25694 | Lair:6   | Reached skill level 16 in Bows
 26178 | Lair:6   | Received a gift from Okawaru
 26186 | Lair:6   | Reached skill level 17 in Bows
 26700 | Lair:6   | Got a pair of polished gloves
 26704 | Lair:6   | Identified the +2 pair of gloves of This Worked Last Time {*Drain Dex+8} (You found it on level 6 of the Lair of Beasts)
 26725 | Lair:6   | Reached skill level 18 in Bows
 27161 | Lair:6   | Reached ****** piety under Okawaru
 27203 | Lair:6   | Received a gift from Okawaru
 27237 | Lair:6   | Received a gift from Okawaru
 27252 | Lair:6   | Reached skill level 19 in Bows
 27495 | Lair:6   | Got a crude scale mail {god gift}
 27508 | Lair:6   | Identified the +0 scale mail of Gedgh {SInv} (Okawaru gifted it to you on level 6 of the Lair of Beasts)
 27581 | Lair:6   | Reached XP level 14. HP: 129/129 MP: 21/21
 27794 | Lair:6   | Got a fine bone ring
 28025 | Lair:6   | Identified the ring of the Messenger {rC+ Stlth+} (You found it on level 6 of the Lair of Beasts)
 28370 | D:11     | Noticed Sonja
 28373 | D:11     | Killed Sonja
 28698 | D:11     | Noticed Erolcha
 28704 | D:11     | Killed Erolcha
 28704 | D:11     | Reached skill level 20 in Bows
 29128 | D:12     | Found a frozen archway.
 29154 | IceCv    | Entered an ice cave
 29315 | IceCv    | Received a gift from Okawaru
 29420 | IceCv    | Found an ancient bone altar of Kikubaaqudgha.
 29764 | IceCv    | Reached skill level 21 in Bows
 30182 | D:12     | Received a gift from Okawaru
 30480 | D:12     | Shot themself with an arrow

Skill      XL: |  1  2  3  4  5  6  7  8  9 10 11 12 13 14 |
---------------+-------------------------------------------+-----
Unarmed Combat | 4 5 6 8 9 10 | 10.0
Fighting       | 4 5 6 7 9 10 11 13 | 13.4
Invocations    | 5 9 10 | 10.0
Bows           | 6 12 15 19 21 | 21.3
Armour         | |  2.1
Shields        | |  2.1

Action                   |  1- 3 |  4- 6 |  7- 9 | 10-12 | 13-15 || total
-------------------------+-------+-------+-------+-------+-------++-------
Melee: Unarmed           |    91 |   320 |   506 |   945 |     1 ||  1863
       Kick              |    21 |    72 |   116 |   312 |     1 ||   522
 Fire: Longbow           |       |       |       |    43 |   758 ||   801
Invok: Heroism           |       |       |     2 |     5 |     1 ||     8
       Finesse           |       |       |       |     1 |       ||     1
Evoke: Wand              |       |       |       |    12 |     1 ||    13
       Lamp of fire      |       |       |       |     1 |       ||     1
  Use: Potion            |     1 |       |     1 |     2 |       ||     4
       Scroll            |       |       |       |    13 |     6 ||    19
  Eat: Chunk             |       |    10 |    16 |    34 |    14 ||    74
       Fruit             |       |       |     1 |     1 |       ||     2
       Beef jerky        |       |       |       |     5 |       ||     5
Armor: Plate armour      |    52 |   179 |   157 |       |       ||   388
       Scale mail        |     1 |       |       |       |       ||     1
       Pearl dragon scal |       |       |    72 |   404 |   158 ||   634
Dodge: Dodged            |     5 |    20 |    74 |   178 |    52 ||   329
Block: Shield            |    36 |   143 |   158 |   346 |       ||   683
